 Dungeon Crawl Stone Soup version 0.30-a0-613-gdd512c7efb (webtiles) character file.

Game seed: 3420730842055681101

81800 NinjaNoafa the Thaumaturge (level 15, -1/88 HPs)
             Began as a Gargoyle Earth Elementalist on Jan 8, 2023.
             Was the Champion of Vehumet.
             Slain by an orc warlord
             ... wielding a +0 halberd
              (17 damage)
             ... on level 2 of the Orcish Mines on Jan 9, 2023.
             The game lasted 01:43:46 (27285 turns).

NinjaNoafa the Thaumaturge (GrEE)                  Turns: 27285, Time: 01:43:47

Health: -1/88      AC: 24    Str: 11    XL:     15   Next: 71%
Magic:  15/31      EV: 13    Int: 24    God:    Vehumet [******]
Gold:   1672       SH:  8    Dex: 10    Spells: 6/39 levels left

rFire   + . .      SeeInvis .    S - staff of conjuration
rCold   + + .      Faith    .    Z - +3 buckler
rNeg    + . .      Spirit   .    z - +1 troll leather armour
rPois   ∞          Reflect  .    D - +0 helmet
rElec   +          Harm     .    k - +2 cloak {rCorr}
rCorr   +          Rampage  .    I - +1 pair of gloves of Urocyont {rC+++}
Will    +....                    (no boots)
Stlth   ++                       N - amulet of magic regeneration
HPRegen 1.14/turn                T - ring of wizardry
MPRegen 0.62/turn                M - ring of fire

@: liquefying, flying, very slightly contaminated, slowed movement, very slow
A: sickness immunity, AC +11, big wings, negative energy resistance 1,
electricity resistance, torment resistance 1, petrification resistance
a: Renounce Religion


You were on level 2 of the Orcish Mines.
You worshipped Vehumet.
Vehumet was exalted by your worship.
You visited 4 branches of the dungeon, and saw 22 of its levels.

You collected 3336 gold pieces.
You spent 1664 gold pieces at shops.

Inventory:

Missiles
 s - 2 throwing nets
 L - 11 curare-tipped darts
Armour
 k - a +2 cloak of preservation (worn)
 z - a +1 troll leather armour (worn)
 D - a +0 helmet (worn)
 I - the +1 pair of gloves of Urocyont (worn) {rC+++}
   (You bought it in a shop on level 1 of the Dungeon)

   rC:        It renders you almost immune to cold.
 Z - a +3 buckler (worn)
Magical Staves
 S - a staff of conjuration (weapon)
Jewellery
 m - a ring of protection from cold
 p - a +4 ring of protection
 H - a ring of protection from fire
 M - a ring of fire (right hand)
 N - an amulet of magic regeneration (around neck)
 T - a ring of wizardry (left hand)
 W - a ring of ice
Wands
 n - a wand of flame (30)
 u - a wand of charming (10)
 F - a wand of polymorph (12)
 J - a wand of roots (10)
 Q - a wand of digging (6)
Scrolls
 c - 9 scrolls of vulnerability
 d - a scroll of enchant armour
 f - 5 scrolls of blinking
 h - a scroll of brand weapon {unknown}
 j - a scroll of noise {unknown}
 o - 8 scrolls of teleportation
 v - 3 scrolls of magic mapping
 w - 5 scrolls of fear
 y - a scroll of amnesia
 G - a scroll of torment {unknown}
 K - a scroll of identify
 O - a scroll of immolation
 U - a scroll of poison
 V - 3 scrolls of fog
Potions
 a - 2 potions of berserk rage
 b - 5 potions of mutation
 e - 5 potions of haste
 g - 8 potions of curing
 i - a potion of resistance
 l - 5 potions of degeneration
 q - 2 potions of brilliance
 r - 3 potions of attraction
 t - 2 potions of invisibility
 A - 7 potions of heal wounds
 B - 2 potions of cancellation
 C - 4 potions of lignification
 E - 3 potions of flight
 P - 2 potions of might
 X - a potion of magic
 Y - 2 potions of ambrosia
Miscellaneous
 x - a tin of tremorstones (1/2)
 R - a phial of floods


   Skills:
 - Level 8.0 Fighting
 - Level 2.0 Staves
 - Level 8.0 Armour
 - Level 8.0 Dodging
 - Level 4.0 Stealth
 - Level 7.0 Shields
 + Level 12.8 Spellcasting
 - Level 8.7 Conjurations
 - Level 7.6 Hexes
 - Level 7.5 Transmutations
 - Level 3.0 Fire Magic
 - Level 3.0 Air Magic
 - Level 9.7 Earth Magic
 - Level 3.0 Poison Magic
 - Level 6.0 Evocations


You had 6 spell levels left.
You knew the following spells:

 Your Spells              Type           Power      Damage    Failure   Level
a - Petrify               Tmut/Erth      54%        N/A       1%          4
b - Passwall              Tmut/Erth      45%        N/A       1%          2
c - Foxfire               Conj/Fire      100%       2x1d9     1%          1
d - Iskenderun's Battles  Conj           72%        2d12      1%          5
e - Leda's Liquefaction   Hex/Erth       27%        N/A       1%          4
f - Inner Flame           Hex/Fire       57%        N/A       1%          3
g - Mephitic Cloud        Conj/Pois/Air  55%        N/A       1%          3
h - Irradiate             Conj/Tmut      34%        3d23      1%          5
i - Stone Arrow           Conj/Erth      100%       3d13      1%          3
j - Dazzling Flash        Conj/Hex       100%       N/A       1%          3

Your spell library contained the following spells:

 Spells                   Type           Power      Damage    Failure   Level
 Lightning Bolt           Conj/Air       30%        1d47      1%          5
 Magic Dart               Conj           100%       1d8       1%          1
 Sandblast                Erth           100%       2d20      1%          1
 Ensorcelled Hibernation  Hex/Ice        66%        N/A       1%          2
 Static Discharge         Conj/Air       100%       2-7/arc   1%          2
 Portal Projectile        Hex/Tloc       66%        N/A       1%          3
 Spider Form              Tmut/Pois      40%        N/A       1%          3
 Summon Guardian Golem    Hex/Summ       33%        N/A       1%          3
 Cause Fear               Hex            25%        N/A       1%          4
 Flame Wave               Conj/Fire      78%        2d17      1%          4
 Sticky Flame             Conj/Fire      78%        2d9       1%          4
 Apportation              Tloc           30%        N/A       2%          1
 Necrotise                Necr           60%        1d7       2%          1
 Summon Small Mammal      Summ           60%        N/A       2%          1
 Call Imp                 Summ           15%        N/A       4%          2
 Anguish                  Hex/Necr       16%        N/A       5%          4
 Call Canine Familiar     Summ           15%        N/A       8%          3
 Gell's Gravitas          Tloc           15%        N/A       8%          3
 Lesser Beckoning         Tloc           30%        N/A       8%          3
 Teleport Other           Tloc           15%        N/A       8%          3
 Silence                  Hex/Air        20%        N/A       9%          5
 Agony                    Necr           15%        N/A       54%         5
 Enfeeble                 Hex            25%        N/A       65%         7
 Discord                  Hex            25%        N/A       99%         8
 Sublimation of Blood     Necr           Unusable   N/A       N/A         2

Dungeon Overview and Level Annotations

Branches:
Dungeon (14/15)            Temple (1/1) D:5            Lair (5/5) D:9
  Swamp (0/4) Lair:3        Snake (0/4) Lair:3        Slime (0/5) Lair:4
    Orc (2/2) D:12            Elf (0/3) Orc:2        Vaults (0/5) D:13

Altars:
Ashenzari
Cheibriados
Dithmenos
Elyvilon
Fedhas
Gozag
Hepliaklqana
Kikubaaqudgha
Makhleb
Nemelex Xobeh
Okawaru
Qazlal
Ru
Sif Muna
Trog
Uskayaw
Vehumet
Wu Jian
Xom
Yredelemnul
Zin
The Shining One

Shops:
D:1 [   D:2 *   D:3 [   D:5 [   D:8 =*=!   D:11 (

Portals:
Trove: D:10 (give +3 fire dragon scales)


Innate Abilities, Weirdness & Mutations

You are immune to sickness and miasma.
Your stone body is resilient. (AC +11)
You are immune to poison.
Your large and strong wings let you fly.
You resist negative energy. (rN+)
You are resistant to electric shocks. (rElec)
You are resistant to unholy torment.
You are immune to petrification.


Message History

The orc warrior goes into a battle-frenzy!
The orc knight is engulfed in poison gas.
The orc knight looks even sicker.
Flame seeps out of the orc knight.
You block the orc knight's attack.
Flame seeps out of the orc knight. x2
The orc warlord hits you with a +0 halberd.
The orc knight is engulfed in poison gas.
The orc knight looks even sicker.
Flame seeps out of the orc knight.
The orc knight is engulfed in poison gas.
The orc knight looks even sicker.
Flame seeps out of the orc knight.
The orc warlord hits you with a +0 halberd!!
Things that are here:
a +0 falchion; a +0 ring mail
Casting: Stone Arrow (safe; 1% risk of failure)
Confirm with . or Enter, or press ? or * to list all spells.
You feel a surge of power!
You erupt in a fountain of uncontrolled magic!
The orc knight is blasted with magical radiation!!
Flame seeps out of the orc knight.
The orc knight is severely wounded.
The orc knight twists and deforms.
The orc warlord is blasted with magical radiation!!!
Flame seeps out of the orc warlord.
The orc warlord is heavily wounded.
The orc warlord twists and deforms.
You are very lightly contaminated with residual magic.
Your battlesphere fires!
The barrage of energy hits the orc warlord!
Flame seeps out of the orc warlord.
The orc warlord is severely wounded.
The orc knight is engulfed in poison gas.
The orc knight looks as sick as possible!
Flame seeps out of the orc knight.
You block the orc knight's attack.
The orc knight is engulfed in poison gas.
The orc knight looks as sick as possible!
Flame seeps out of the orc knight.
The orc knight hits you from afar with a +0 bardiche!!
* * * LOW HITPOINT WARNING * * *
The orc warlord hits you with a +0 halberd!
You die...

#.........).......#..###
########'')########..#.##
###.)..)☼§§...#.....☼..#
##....8.)○☼§8.##....○§..##
#.....)..§§§§.###..§○☼...#
##.###...§☼§§§.###§§§§...#
### ###.§§§§)##☼§○§§§...#
#..§§§☼☼o§§*☼☼§○.###
##.§§☼§§@§○§○☼○○.#
##.##§§§o.§☼#..## #
###§§§○○o§##### ##
##§§§§○§§○☼# #.
####§§☼§§§§o§§### ###.
##.###☼§§§☼§.§.☼§## ###...
#...##§○§§§§§§☼☼§.###.....
#....§§○§§○☼§§§§o###o...#.
#..........#.....##>.o###.


You could see an orc warlord (inner flame, strong, misshapen, struggling, ally
target), 2 orc knights, an orc warrior (inner flame, strong), an orc priest
(inner flame, strong) and a friendly battlesphere.

Vanquished Creatures
  Jorgrun (Orc:1)
  Kirke (D:12)
  An azure jelly (Lair:5)
  Snorg (D:12)
  4 slime creatures
  4 hydras
  A boulder beetle (Lair:2)
  2 catoblepae
  An anaconda (Lair:5)
  The ghost of wormed the Transmogrifier, a journeyman OpTm of Gozag (D:10)
  5 two-headed ogres
  2 centaur warriors (D:14)
  2 dancing weapons (D:13)
  8 death yaks
  4 orc high priests (Orc:2)
  Sonja (D:11)
  2 tengu warriors
  Pikel (D:3)
  5 orc knights
  A manticore (D:13)
  An ugly thing (D:13)
  6 orc sorcerers
  A wolf spider (Lair:5)
  A moth of wrath (D:10)
  2 cyclopes
  A guardian serpent (Lair:5)
  9 elephants
  Maurice (D:9)
  2 gargoyles
  Maggie (D:9)
  11 black mambas
  An unseen horror (D:12)
  2 rime drakes
  14 cane toads
  A kobold demonologist (D:12)
  A rime drake (shapeshifter) (D:14)
  5 komodo dragons
  A tengu conjurer (D:13)
  7 trolls
  11 polar bears
  2 raiju (Lair:5)
  4 hornets
  A dream sheep (Lair:2)
  Grinder (D:5)
  10 blink frogs
  3 shadows
  Eustachio (D:6)
  17 wyverns
  60 yaks
  A hog (D:12)
  A wraith (D:11)
  7 vampire mosquitoes (D:12)
  A steam dragon (D:7)
  3 basilisks
  9 wargs
  4 redbacks (Lair:5)
  4 nagas (Lair:3)
  15 hell hounds (Lair:5)
  2 acid dragons
  9 water moccasins
  21 orc warriors
  2 ice beasts
  3 sky beasts
  12 black bears
  12 ogres
  3 lemures (D:4)
  9 centaurs
  19 wolves (Lair:5)
  A phantom (D:6)
  2 kobold brigands
  A necrophage (D:6)
  8 bullfrogs
  10 wights (D:9)
  9 killer bees
  3 howler monkeys
  16 orc priests
  9 jellies
  Crazy Yiuf (D:2)
  Natasha (thrice) (D:2)
  3 iguanas
  18 orc wizards
  6 hell rats (Lair:3)
  4 gnolls (D:3)
  5 adders
  A shadow imp (D:7)
  2 white imps (D:5)
  2 worms
  4 dart slugs
  52 orcs
  3 ball pythons
  9 endoplasms
  2 giant cockroaches (D:4)
  13 goblins
  12 hobgoblins
  4 jackals (D:1)
  4 quokkas
  7 bats
  5 frilled lizards
  14 kobolds
  2 rats
  A foxfire (Lair:3)
599 creatures vanquished.

Vanquished Creatures (collateral kills)
  15 foxfires
15 creatures vanquished.

Vanquished Creatures (others)
  1376 foxfires
  29 fungi
  71 plants
1476 creatures vanquished.

Grand Total: 2090 creatures vanquished

Notes
Turn   | Place    | Note
-------+----------+-------------------------------------------
     0 | D:1      | NinjaNoafa the Gargoyle Earth Elementalist began the quest
                  | for the Orb.
     0 | D:1      | Reached XP level 1. HP: 10/10 MP: 3/3
   114 | D:1      | Reached XP level 2. HP: 8/15 MP: 1/5
   117 | D:1      | Learned a level 2 spell: Passwall
   173 | D:1      | Reached skill level 1 in Transmutations
   229 | D:1      | Found Vimyt's Armour Shop.
   499 | D:1      | Reached XP level 3. HP: 19/19 MP: 4/6
  1038 | D:2      | Noticed Natasha
  1044 | D:2      | Killed Natasha
  1045 | D:2      | Reached skill level 1 in Fighting
  1045 | D:2      | Reached XP level 4. HP: 2/25 MP: 3/7
  1176 | D:2      | Noticed Natasha
  1179 | D:2      | Killed Natasha
  1419 | D:2      | Noticed Natasha
  1424 | D:2      | Killed Natasha
  1425 | D:2      | Reached XP level 5. HP: 32/32 MP: 3/8
  1517 | D:2      | Found Jaufor's General Store.
  1793 | D:2      | Found a runed translucent door.
  1794 | D:2      | Noticed Crazy Yiuf
  2274 | D:3      | Found Leirosyt's Armour Shop.
  2321 | D:3      | Found a faded altar of an unknown god.
  2679 | D:3      | Noticed a sky beast
  2684 | D:3      | Killed a sky beast
  2685 | D:3      | Reached skill level 3 in Spellcasting
  2685 | D:3      | Reached skill level 1 in Conjurations
  2685 | D:3      | Reached XP level 6. HP: 37/37 MP: 6/10
  3258 | D:3      | Reached skill level 5 in Earth Magic
  3396 | D:3      | Bought a +1 cloak of preservation for 181 gold pieces
  3563 | D:3      | Learned a level 1 spell: Magic Dart
  3583 | D:4      | Noticed Pikel
  4015 | D:4      | Reached XP level 7. HP: 41/41 MP: 8/12
  4501 | D:5      | Entered Level 5 of the Dungeon
  4799 | D:2      | Bought a potion of might for 48 gold pieces
  4870 | D:3      | Killed Pikel
  4871 | D:3      | Reached skill level 5 in Conjurations
  4871 | D:3      | Reached skill level 4 in Spellcasting
  4871 | D:3      | Reached XP level 8. HP: 39/46 MP: 11/14
  4875 | D:3      | Learned a level 3 spell: Stone Arrow
  5030 | D:2      | Killed Crazy Yiuf
  5410 | D:5      | Noticed Grinder
  5416 | D:5      | Killed Grinder
  5650 | D:5      | Found a staircase to the Ecumenical Temple.
  5676 | D:5      | Found Erphuq's Antique Armour Shop.
  5689 | Temple   | Entered the Ecumenical Temple
  5781 | Temple   | Became a worshipper of Vehumet
  6815 | D:3      | Bought a +0 buckler for 49 gold pieces
  7114 | D:6      | Reached skill level 1 in Shields
  7114 | D:6      | Reached XP level 9. HP: 40/51 MP: 4/16
  7349 | D:6      | Found an ornate altar of the Wu Jian Council.
  7349 | D:6      | Noticed Eustachio
  7354 | D:6      | Killed Eustachio
  7355 | D:6      | Reached skill level 5 in Spellcasting
  8524 | D:7      | Reached skill level 6 in Spellcasting
  8910 | D:8      | Found Vygh's General Store.
  8923 | D:8      | Reached skill level 5 in Shields
  8925 | D:8      | Bought a scroll of identify for 24 gold pieces
  8925 | D:8      | Bought a scroll of fear for 48 gold pieces
  9021 | D:8      | Identified a scroll of acquirement
  9070 | D:8      | Found Marewk's Distillery.
  9078 | D:8      | Bought a potion of degeneration for 13 gold pieces
  9101 | D:8      | Reached * piety under Vehumet
  9101 | D:8      | Offered knowledge of Foxfire by Vehumet.
  9104 | D:8      | Learned a level 1 spell: Foxfire
  9436 | D:8      | Found Beijocat's Jewellery Boutique.
  9599 | D:8      | Reached XP level 10. HP: 34/56 MP: 11/20
  9602 | D:8      | Reached skill level 7 in Spellcasting
  9610 | D:8      | Reached skill level 5 in Fighting
  9832 | D:8      | Found Mierokhle's Jewellery Shoppe.
 10499 | D:9      | Found a staircase to the Lair.
 10505 | D:9      | Noticed Maurice
 10519 | D:9      | Killed Maurice
 10629 | D:9      | Found a sacrificial altar of Ru.
 10897 | D:9      | Reached skill level 5 in Armour
 11649 | D:9      | Reached skill level 1 in Fire Magic
 11849 | D:9      | Noticed Maggie
 11855 | D:9      | Killed Maggie
 12160 | D:9      | Offered knowledge of Static Discharge by Vehumet.
 12164 | D:9      | Learned a level 2 spell: Static Discharge
 12195 | D:10     | Entered Level 10 of the Dungeon
 12200 | D:10     | Reached ** piety under Vehumet
 12206 | D:10     | Reached skill level 5 in Transmutations
 12292 | D:10     | Acquired 543 gold pieces
 12519 | D:1      | Bought the +1 pair of gloves of Urocyont {rC+++} for 618
                  | gold pieces
 12737 | D:10     | Reached skill level 1 in Air Magic
 12737 | D:10     | Reached XP level 11. HP: 60/64 MP: 17/21
 13058 | D:10     | Found a portal to a secret trove of treasure.
 13076 | D:10     | Reached skill level 5 in Dodging
 13197 | D:10     | Noticed a two-headed ogre
 13200 | D:10     | Noticed a moth of wrath
 13285 | D:10     | Noticed wormed's ghost (journeyman OpTm)
 13294 | D:10     | Found a bloodstained altar of Trog.
 13364 | D:10     | Noticed a two-headed ogre
 13369 | D:10     | Found a transporter.
 13372 | D:10     | Found a transporter.
 13492 | D:10     | Noticed a tengu warrior
 13503 | D:10     | Noticed a two-headed ogre
 13608 | D:10     | Found a bloodstained altar of Trog.
 13729 | D:10     | Found a shimmering blue altar of Sif Muna.
 13737 | D:10     | Found a basalt altar of Yredelemnul.
 13976 | D:11     | Noticed Sonja
 14051 | Lair:1   | Entered Level 1 of the Lair of Beasts
 14283 | Lair:1   | Reached skill level 1 in Evocations
 14323 | Lair:1   | Offered knowledge of Dazzling Flash by Vehumet.
 14330 | Lair:1   | Learned a level 4 spell: Petrify
 14856 | D:8      | Bought a phial of floods for 480 gold pieces
 15042 | Lair:2   | Noticed a death yak
 15043 | Lair:2   | Noticed a death yak
 15046 | Lair:2   | Noticed a death yak
 15047 | Lair:2   | Noticed a death yak
 15060 | Lair:1   | Killed a death yak
 15505 | Lair:2   | Killed a death yak
 15534 | Lair:2   | Killed a death yak
 15683 | Lair:2   | Reached XP level 12. HP: 29/70 MP: 13/22
 15831 | Lair:2   | Acquired a staff of conjuration
 16271 | Lair:2   | Noticed a boulder beetle
 16476 | Lair:2   | Killed a boulder beetle
 16527 | Lair:2   | Reached *** piety under Vehumet
 16661 | Lair:2   | Learned a level 3 spell: Dazzling Flash
 16667 | Lair:2   | Learned a level 3 spell: Mephitic Cloud
 16675 | Lair:2   | Learned a level 5 spell: Irradiate
 16689 | Lair:2   | Identified the +3 leather armour of Cowardice {Will- Str+6
                  | Int-5 SInv}
 17182 | Lair:3   | Noticed a five-headed hydra
 17193 | Lair:3   | Killed a five-headed hydra
 17337 | Lair:3   | Reached skill level 8 in Spellcasting
 17369 | Lair:3   | Offered knowledge of Inner Flame by Vehumet.
 17375 | Lair:3   | Learned a level 3 spell: Inner Flame
 17380 | Lair:3   | Learned a level 4 spell: Leda's Liquefaction
 17479 | Lair:3   | Found a staircase to the Snake Pit.
 17592 | Lair:3   | Found a staircase to the Swamp.
 17626 | Lair:3   | Reached skill level 9 in Spellcasting
 17754 | D:8      | Bought a scroll of magic mapping for 90 gold pieces
 17991 | Lair:3   | Noticed a five-headed hydra
 17995 | Lair:3   | Noticed a five-headed hydra
 18004 | Lair:3   | Killed a five-headed hydra
 18005 | Lair:3   | Reached skill level 1 in Hexes
 18005 | Lair:3   | Reached skill level 1 in Poison Magic
 18021 | Lair:3   | Killed a five-headed hydra
 18261 | Lair:3   | Noticed a catoblepas
 18282 | Lair:3   | Killed a catoblepas
 18283 | Lair:3   | Reached XP level 13. HP: 74/74 MP: 20/26
 18492 | Lair:4   | Found a staircase to the Slime Pits.
 18702 | Lair:4   | Reached skill level 5 in Hexes
 19026 | Lair:4   | Identified the +10 war axe "Donatec" {speed, Int+3 Stlth+}
 19162 | Lair:5   | Entered Level 5 of the Lair of Beasts
 19187 | Lair:5   | Reached **** piety under Vehumet
 19201 | Lair:5   | Offered knowledge of Ignite Poison by Vehumet.
 19233 | Lair:5   | Reached skill level 1 in Staves
 19707 | D:10     | Killed wormed's ghost
 20174 | D:2      | Bought a scroll of vulnerability for 48 gold pieces
 20668 | D:11     | Killed Sonja
 20872 | D:11     | Found a hide-covered altar of Uskayaw.
 20989 | D:11     | Found Balaxkakaps's Antique Weapon Emporium.
 21472 | D:12     | Gained mutation: Your large and strong wings let you fly.
                  | [Gargoyle growth]
 21472 | D:12     | Reached XP level 14. HP: 77/82 MP: 23/27
 21474 | D:12     | Noticed Snorg
 21487 | D:12     | Killed Snorg
 21507 | D:12     | Reached ***** piety under Vehumet
 21507 | D:12     | Offered knowledge of Iskenderun's Battlesphere by Vehumet.
 21645 | D:12     | Found a staircase to the Orcish Mines.
 22039 | D:12     | Noticed Kirke
 22045 | D:12     | Killed Kirke
 22046 | D:12     | Reached skill level 5 in Evocations
 22128 | D:12     | You are sucked into a shaft and drop 2 floors!
 22317 | D:13     | Found a gate to the Vaults.
 22950 | D:12     | Found a hazy altar of Hepliaklqana.
 23152 | Lair:5   | Reached skill level 10 in Spellcasting
 23332 | Lair:5   | Learned a level 5 spell: Iskenderun's Battlesphere
 23633 | Lair:5   | Reached skill level 11 in Spellcasting
 23664 | Lair:5   | Offered knowledge of Iron Shot by Vehumet.
 23954 | D:8      | Bought a potion of berserk rage for 65 gold pieces
 24191 | Lair:5   | Reached XP level 15. HP: 59/88 MP: 21/30
 24374 | Lair:5   | Noticed an azure jelly
 24378 | Lair:5   | Killed an azure jelly
 25366 | Lair:5   | Offered knowledge of Fireball by Vehumet.
 25681 | Orc:1    | Entered Level 1 of the Orcish Mines
 25700 | Orc:1    | Paralysed by an orc sorcerer for 2 turns
 26035 | Orc:1    | Noticed Jorgrun
 26089 | Orc:1    | Killed Jorgrun
 26334 | Orc:2    | Entered Level 2 of the Orcish Mines
 26379 | Orc:2    | Reached skill level 12 in Spellcasting
 26715 | Orc:2    | Reached ****** piety under Vehumet
 26718 | Orc:2    | Offered knowledge of Lightning Bolt by Vehumet.
 26801 | Orc:2    | Found a staircase to the Elven Halls.
 27275 | Orc:2    | Noticed an orc warlord
 27285 | Orc:2    | Slain by an orc warlord

Illustrated notes

Levels and vault maps discovered:
D:1:      wheals_arrival_linesprint, layout_basic, serial_shops, shop
D:2:      layout_loops_ring, serial_shops, shop, uniq_crazy_yiuf_cottage,
          uniq_natasha
D:3:      layout_basic, serial_shops, shop, ebering_ecumenical_altar_box,
          palyth_stone_intersect
D:4:      layout_rooms, serial_glass, glass_columns_b, glass_columns_c,
          uniq_pikel
D:5:      layout_loops_ring, minmay_temple_entry_butterflies, serial_shops,
          nicolae_shop_crystal, minmay_misc_feat_tiny, uniq_grinder
D:6:      layout_basic, nicolae_wu_jian_immortal_techniques, uniq_eustachio
D:7:      layout_basic
D:8:      layout_gridville, serial_shops, shop, shop,
          nicolae_shop_temple_entry_statues_fountains, shop_coins
D:9:      layout_roguey, lemuel_crystal_altar, lair_entry_dummy, uniq_maggie,
          uniq_maurice
D:10:     layout_layer_cave, mainiacjoe_overflow_big_doors, trog_hazing_becter,
          enter_trove_0, gammafunk_ghost_wrathful_warriors
D:11:     layout_long_grid, serial_shops, shop, nicolae_uskayaw_dance_hall,
          uniq_sonja
D:12:     layout_stronghold, erik_orc_3, worldfamousw_hep_ancestral_shrine,
          uniq_kirke, uniq_snorg
D:13:     layout_loops_ring, erik_vaults_1
D:14:     layout_irregular_city, columned_hall_lemuel, argonaut_gorgonesque
Temple:   minmay_temple_bridge_d
Lair:1:   layout_misc_corridors
Lair:2:   layout_chaotic_city, nzn_random_ring
Lair:3:   layout_misc_corridors, swamp_mist, minmay_snake_entry_guardpost_small,
          hangedman_lair_generics_rect
Lair:4:   layout_hall_layers, slime_entry_1, grunt_megastairs_4
Lair:5:   hangedman_lair_tendril_chambers, layout_regular_city,
          hangedman_lair_caniforms_friends, nicolae_lair_time_for_slime
Orc:1:    layout_caves, guppyfry_library_mini, uniq_jorgrun
Orc:2:    st_orc_elflike, layout_diamond_mine, minmay_orc_temple_c

Skill      XL: |  1  2  3  4  5  6  7  8  9 10 11 12 13 14 15 |
---------------+----------------------------------------------+-----
Transmutations | 1 2 5 6 7 |  7.5
Earth Magic    | 4 5 6 7 8 9 |  9.7
Fighting       | 1 3 4 6 7 8 |  8.0
Stealth        | 3 4 |  4.0
Spellcasting   | 3 4 6 7 9 11 12 | 12.8
Conjurations   | 1 2 5 6 8 |  8.7
Armour         | 4 6 7 8 |  8.0
Dodging        | 3 4 6 7 8 |  8.0
Shields        | 1 6 7 |  7.0
Fire Magic     | 2 3 |  3.0
Air Magic      | 1 3 |  3.0
Evocations     | 4 6 |  6.0
Hexes          | 1 6 7 |  7.6
Poison Magic   | 2 3 |  3.0
Staves         | 1 2 |  2.0

Action                   |  1- 3 |  4- 6 |  7- 9 | 10-12 | 13-15 || total
-------------------------+-------+-------+-------+-------+-------++-------
Melee: War axe           |     1 |    14 |       |       |       ||    15
       Staff             |       |     9 |       |    44 |    51 ||   104
       Flail             |       |    16 |     7 |       |       ||    23
       Whip              |       |       |    19 |    27 |       ||    46
       Punch             |       |       |     1 |       |       ||     1
Throw: Boomerang         |       |     1 |       |       |       ||     1
       Dart              |       |       |       |     3 |       ||     3
       Javelin           |       |       |       |     3 |       ||     3
 Cast: Sandblast         |    37 |    81 |    32 |     9 |       ||   159
       Passwall          |       |     6 |    11 |    11 |     1 ||    29
       Magic Dart        |       |       |    69 |     1 |       ||    70
       Stone Arrow       |       |       |    57 |   109 |   200 ||   366
       Foxfire           |       |       |    11 |   359 |   430 ||   800
       Static Discharge  |       |       |       |    55 |       ||    55
       Petrify           |       |       |       |    12 |    15 ||    27
       Inner Flame       |       |       |       |    13 |   144 ||   157
       Irradiate         |       |       |       |     9 |    41 ||    50
       Dazzling Flash    |       |       |       |     6 |    24 ||    30
       Mephitic Cloud    |       |       |       |     5 |    20 ||    25
       Leda's Liquefacti |       |       |       |     3 |    14 ||    17
       Iskenderun's Batt |       |       |       |       |    44 ||    44
Evoke: Wand              |       |       |       |     1 |     9 ||    10
       Tin of tremorston |       |       |       |       |     3 ||     3
       Phial of floods   |       |       |       |       |     1 ||     1
  Use: Potion            |     1 |       |     4 |     3 |     5 ||    13
       Scroll            |       |       |     3 |    15 |    14 ||    32
 Stab: Petrified         |       |       |       |    18 |     7 ||    25
       Petrifying        |       |       |       |     2 |       ||     2
       Sleeping          |       |       |       |     1 |       ||     1
Armor: Robe              |     2 |    60 |    21 |       |       ||    83
       Steam dragon scal |       |       |     9 |   188 |    25 ||   222
       Troll leather arm |       |       |       |       |   261 ||   261
Dodge: Dodged            |    14 |    60 |    56 |   186 |   306 ||   622
Block: Buckler           |       |       |     3 |    78 |   178 ||   259

Table legend: (Time is in decaauts)
 A = Elapsed time spent in this place.
 B = Non-inter-level travel time spent in this place.
 C = Inter-level travel time spent in this place.
 D = Time resting spent in this place.
 E = Time spent auto-exploring this place.
 F = Levels seen in this place.
 G = Mean time per level.
                   A        B        C        D        E       F      G
               +--------+--------+--------+--------+--------+-----+--------+
         Total |  27495 |  23431 |   4064 |    203 |  18512 |  22 | 1249.8 |
       Dungeon |  17895 |  14797 |   3098 |    203 |  12096 |  14 | 1278.2 |
        Temple |    226 |    217 |      9 |      0 |    187 |   1 |  226.0 |
          Lair |   7762 |   6850 |    912 |      0 |   5151 |   5 | 1552.4 |
  Orcish Mines |   1611 |   1567 |     44 |      0 |   1078 |   2 |  805.5 |
               +--------+--------+--------+--------+--------+-----+--------+

Top non-repeatable levels by time:
  Lair:5: 2239 daAuts
     D:9: 2144 daAuts
  Lair:2: 2138 daAuts
     D:8: 2056 daAuts
    D:10: 1759 daAuts
     D:2: 1736 daAuts
     D:3: 1732 daAuts
    D:12: 1395 daAuts
     D:5: 1337 daAuts
  Lair:1: 1303 daAuts
     D:1: 1286 daAuts
     D:4: 1167 daAuts
     D:7: 1078 daAuts
  Lair:3: 1049 daAuts
  Lair:4: 1032 daAuts
